 Dungeon Crawl Stone Soup version 0.17-a0-1954-g0dddeaa (webtiles) character file.

34 AvylaarBelgium the Cutter (level 3, 0/27 HPs)
             Began as a Demonspawn Gladiator on Oct 4, 2015.
             Slain by a hobgoblin (2 damage)
             ... led by Robin
             ... on level 1 of the Dungeon.
             The game lasted 00:01:23 (1252 turns).

AvylaarBelgium the Cutter (Demonspawn Gladiator)    Turns: 1252, Time: 00:01:24

Health: 0/27       AC:  4    Str: 16    XL:     3   Next: 14%
Magic:  3/3        EV: 12    Int:  9    God:
Gold:   40         SH:  0    Dex: 13    Spells: 0 memorised, 2 levels left

rFire  . . .     SeeInvis .     g - +4 short sword
rCold  . . .     Clarity  .     b - +0 leather armour
rNeg   . . .     SustAt   .     (no shield)
rPois  .         Gourm    .     c - +0 helmet
rElec  .         Spirit   .     (no cloak)
rCorr  .         Warding  .     (no gloves)
rMut   .         Stasis   .     (no boots)
MR     .....                    (no amulet)
Stlth  +.........               (no ring)
                                (no ring)

@: not resistant to hostile enchantments, very unstealthy
A: hooves 1
a: no special abilities


You were on level 1 of the Dungeon.
You were very hungry.

You visited 1 branch of the dungeon, and saw 2 of its levels.

You collected 40 gold pieces.

Inventory:

Hand weapons
 a - a +0 rapier
 g - a +4 short sword (weapon)
Missiles
 d - 2 throwing nets (quivered)
Armour
 b - a +0 leather armour (worn)
 c - a +0 helmet (worn)
Scrolls
 f - a scroll of enchant weapon {unknown}
 j - a scroll of remove curse {unknown}
Potions
 h - a potion of invisibility {unknown}
 i - a potion of curing {unknown}
 k - a potion of might {unknown}
Comestibles
 e - a bread ration


   Skills:
 + Level 2.1 Fighting
 + Level 3.2 Short Blades
 + Level 2.0 Throwing
 + Level 0.5 Armour
 + Level 3.0 Dodging
 + Level 0.2 Stealth


You had 2 spell levels left.
You didn't know any spells.

Dungeon Overview and Level Annotations

Branches:
Dungeon (2/15)

Altars:

Annotations:
D:1 Robin


Innate Abilities, Weirdness & Mutations

You have large cloven feet.


Message History

You closely miss Robin. Robin hits you with an enchanted spear.
You hit Robin. You kick Robin, but do no damage.
Robin is lightly wounded.
Robin hits you with an enchanted spear.
You hit Robin. Your kick misses Robin.
Robin is moderately wounded.
The hobgoblin closely misses you. Robin hits you with an enchanted spear.
* * * LOW HITPOINT WARNING * * *
The hobgoblin barely misses you. Robin hits you with an enchanted spear.
* * * LOW HITPOINT WARNING * * *
You climb upwards.
There is a stone staircase leading down here.
You see here a goblin corpse.
The hobgoblin hits you but does no damage.
Robin hits you from afar with an enchanted spear.
* * * LOW HITPOINT WARNING * * *
Things that are here:
a club; a hobgoblin corpse The hobgoblin hits you.
You die...

...################.#############
......................#
...#................#.#
...#.#############....# ...#.#
#.....##....#
...#.######.###.##....#
...#........#.....)g#.##
.................g>....#
................@).)...#
####################.#.# ##.#
##.# ##.#.# #..# ##..# ##..#.#
...###...# ##...#.# .<.##....#
##....#.# ...'.....# ##....(#.#
##+#####'# ##...#..#.# ##.# ##.#
##...##..#.#


You could see Robin and a hobgoblin.

Vanquished Creatures
  An ooze (D:2)
  A giant cockroach (D:1)
  5 hobgoblins (D:1)
  3 kobolds (D:1)
  A ball python (D:1)
  2 bats (D:1)
  2 giant newts (D:1)
  10 goblins
  2 rats (D:1)
27 creatures vanquished.

Notes
Turn   | Place    | Note
--------------------------------------------------------------
     0 | D:1      | AvylaarBelgium the Demonspawn Gladiator began the quest for the Orb.
     0 | D:1      | Reached XP level 1. HP: 16/16 MP: 1/1
   195 | D:1      | Gained mutation: You have large cloven feet. [demonic ancestry]
   195 | D:1      | Reached XP level 2. HP: 2/22 MP: 2/2
   548 | D:1      | Reached skill level 3 in Short Blades
   888 | D:2      | Noticed Robin
  1175 | D:2      | Reached XP level 3. HP: 27/27 MP: 3/3
  1251 | D:1      | HP: 1/27 [Robin/enchanted spear (5)]
  1252 | D:1      | Slain by a hobgoblin

Vault maps used:
D:1:      dpeg_arrival_triangle_fractal
D:2:      serial_forest, infiniplex_forest_lined_room_,
          infiniplex_forest_clump_curved, infiniplex_forest_lined_3,
          infiniplex_forest_pool, infiniplex_forest_straight_5,
          infiniplex_forest_clump_curved, infiniplex_forest_corner_1,
          wad_floor_pattern_2, uniq_robin, uniq_terence

Action                   || total
-------------------------++-------
Melee: Rapier            ||    41
       Short sword       ||    27
Throw: Throwing net      ||     1
 Stab: Held in net/web   ||     1
